AoeStats
← AiM | CanvaL

Arabia

509859382Analyzed
1v1 RM · 4d ago on Sep 28, 2026· 35m 32s· 2 players
Game mode
Random Map
Map size
Tiny (2 player)
Population
200
Speed
Normal
Resources
Standard
Victory
Conquest
Starting age
Dark Age
Ending age
Imperial Age
RankedLock teamsTeams togetherTeam positionsShared explorationLock speedFull tech treeHidden civsTurbo modeCheats
Victory
Defeat
🇬🇧 Persians · United Kingdom
1512
+15
🇨🇱 Mongols · Chile
1498
-15
AiM | CanvaL
5:56 Loom
6:07 Loom
8:14 Feudal Age
9:06 Double-Bit Axe
20:53 Castle Age
18:44 Horse Collar
19:40 Gold Mining
19:50 Fletching
20:01 Padded Archer Armor
20:48 Bloodlines
21:09 Padded Archer Armor
21:05 Town Watch
23:00 Wheelbarrow
25:01 Bodkin Arrow
26:36 Husbandry
33:03 Bow Saw
35:01 Thumb Ring
captainscubrat
5:39 Loom
8:40 Feudal Age
9:14 Double-Bit Axe
18:59 Castle Age
17:35 Forging
17:20 Gold Mining
18:47 Bloodlines
19:09 Scale Barding Armor
21:54 Horse Collar
27:12 Bow Saw
29:09 Husbandry
30:23 Wheelbarrow
31:14 Chain Barding Armor
33:31 Heavy Plow
34:44 Devotion
38:34 Imperial Age
Connection lost

Rejoining the realm…

Still unreachable

The connection could not be restored.

Session expired

The server has moved on; the page needs a fresh start.